 Dungeon Crawl Stone Soup version 0.23-a0-767-gdc19b93d68 (webtiles) character file.

308 Flugslaktarn the Chopper (level 6, -9/51 HPs)
             Began as a Minotaur Fighter on Jan 29, 2019.
             Blown up by Ijyb (16 damage)
             ... with a wand of disintegration (7)
             ... on level 4 of the Dungeon.
             The game lasted 00:01:25 (1439 turns).

Flugslaktarn the Chopper (Minotaur Fighter)         Turns: 1439, Time: 00:01:25

Health: -9/51      AC:  6    Str: 21    XL:     6   Next: 17%
Magic:  5/5        EV:  7    Int:  5    God:
Gold:   170        SH:  9    Dex:  7    Spells: 5/5 levels left

rFire    + + +     SeeInvis .   l - +2 war axe (freeze)
rCold    x . .     Gourm    .   c - +0 shield
rNeg     . . .     Faith    .   q - +0 scale mail of the Page of Pentacles {rF+++ rC- Dex-4} (curse)
rPois    .         Spirit   .   (helmet restricted)
rElec    .         Reflect  .   (no cloak)
rCorr    .         Harm     .   (no gloves)
MR       .....                  (no boots)
Stlth    ..........             (no amulet)
HPRegen  0.17/turn              j - ring of flight
MPRegen  0.09/turn              i - ring of attention (curse)

@: no status effects
A: retaliatory headbutt, horns 2
a: Evoke Flight


You were on level 4 of the Dungeon.
You were not hungry.

You visited 1 branch of the dungeon, and saw 4 of its levels.

You collected 170 gold pieces.

Inventory:

Hand Weapons
 l - a +2 war axe of freezing (weapon)
Armour
 b - a +0 scale mail
 c - a +0 shield (worn)
 q - the cursed +0 scale mail of the Page of Pentacles (worn) {rF+++ rC- Dex-4}
   (You found it on level 4 of the Dungeon)

   It affects your dexterity (-4).
   It renders you almost immune to fire.
   It makes you vulnerable to cold.
   It has a curse placed upon it.
Jewellery
 i - a cursed ring of attention (right hand)
 j - a ring of flight (left hand)
Scrolls
 a - 2 scrolls of fog {unknown}
 h - 2 scrolls of enchant armour {unknown}
 m - a scroll of fear {unknown}
 n - 3 scrolls of remove curse {unknown}
 o - a scroll of amnesia {unknown}
Potions
 d - a potion of might {@q4}
 e - a potion of magic {unknown}
 g - 4 potions of curing {unknown}
 k - a potion of heal wounds {unknown}
 p - a potion of agility {@q5}
Comestibles
 f - 5 rations {@e1}
 r - a chunk of flesh


   Skills:
 - Level 3.6 Fighting
 + Level 7.9 Axes
 - Level 3.6 Armour
 - Level 3.6 Shields


You had 5 spell levels left.
You didn't know any spells.
Your spell library was empty.

Dungeon Overview and Level Annotations

Branches:
Dungeon (4/15)
 Temple: D:4-7

Altars:
Yredelemnul

Annotations:
D:4 Ijyb, Sigmund


Innate Abilities, Weirdness & Mutations

You reflexively headbutt those who attack you in melee.
You have a pair of horns on your head.


Message History

Ijyb is nearby!
Sigmund the Dreaded comes into view.
He is wielding a +0 scythe and wearing a +1 robe of positive energy.
Sigmund shouts!
You block Ijyb's attack.
You barely miss Ijyb. You headbutt Ijyb, but do no damage.
Ijyb zaps a wand.
You are blasted!
Unknown command.
You closely miss Ijyb. You block Sigmund's attack.
Ijyb zaps a wand.
You are blasted!
You hit Ijyb. You freeze Ijyb.
Ijyb is moderately wounded.
Ijyb zaps a wand.
You are blasted!
* * * LOW HITPOINT WARNING * * *
Sigmund hits you from afar with a +0 scythe.
* * * LOW HITPOINT WARNING * * *
You are too injured to fight recklessly!
You are too injured to fight recklessly!
Unknown command.
Ijyb zaps a wand.
You are blasted!
You die...

.. ...............#
...............#
.##............## .
######..##...##########
..##... #####...##........
.......##..##.............
................##.....##.
.......g........####'####.
####...##@.##...##.....###
#### ##'##...##.....#
#.......######## #.......#
#####...# #####


You could see Ijyb.

Vanquished Creatures
  2 phantoms (D:4)
  An iguana (D:4)
  A gnoll (D:1)
  2 adders (D:2)
  2 oozes
  2 worms (D:2)
  3 dart slugs
  A leopard gecko (D:4)
  An orc (D:3)
  8 bats
  A giant cockroach (D:2)
  12 goblins
  5 hobgoblins
  3 quokkas
  6 frilled lizards
  4 kobolds
  6 rats
60 creatures vanquished.

Notes
Turn   | Place    | Note
-------+----------+-------------------------------------------
     0 | D:1      | Flugslaktarn the Minotaur Fighter began the quest for the
                  | Orb.
     0 | D:1      | Reached XP level 1. HP: 19/19 MP: 0/0
    20 | D:1      | Reached skill level 3 in Axes
    20 | D:1      | Reached XP level 2. HP: 26/26 MP: 1/1
    61 | D:1      | Reached skill level 4 in Axes
   347 | D:1      | Reached XP level 3. HP: 31/31 MP: 2/2
   466 | D:2      | Reached skill level 5 in Axes
   581 | D:2      | Found a basalt altar of Yredelemnul.
   599 | D:2      | Reached XP level 4. HP: 35/39 MP: 3/3
  1190 | D:4      | Noticed a phantom
  1198 | D:4      | Killed a phantom
  1198 | D:4      | Reached skill level 7 in Axes
  1198 | D:4      | Reached XP level 5. HP: 45/45 MP: 4/4
  1210 | D:4      | Noticed a phantom
  1231 | D:4      | Killed a phantom
  1231 | D:4      | Reached XP level 6. HP: 24/51 MP: 5/5
  1235 | D:4      | Got a polished scale mail
  1249 | D:4      | Identified the cursed +0 scale mail of the Page of
                  | Pentacles {rF+++ rC- Dex-4} (You found it on level 4 of the
                  | Dungeon)
  1431 | D:4      | Noticed Ijyb
  1432 | D:4      | Noticed Sigmund
  1439 | D:4      | Blown up by Ijyb

Vault maps used:
D:1:      dpeg_arrival_stonehenge_12_columns
D:2:      nicolae_overflow_crystal_walls, grunt_ministairs_4
D:3:      fedhas_altar_fruit_tree, biasface_ghost_orc_armoury
D:4:      overflow_temple_1_default, uniq_ijyb, uniq_blork_the_orc, uniq_robin,
          uniq_sigmund

Skill      XL: |  1  2  3  4 |
---------------+-------------+-----
Axes           | 3 4 5 7 |  7.9
Fighting       | |  3.6
Armour         | |  3.6
Shields        | |  3.6

Action                   |  1- 3 |  4- 6 || total
-------------------------+-------+-------++-------
Melee: War axe           |    61 |    54 ||   115
       Headbutt          |     8 |    10 ||    18
  Use: Potion            |       |     1 ||     1
  Eat: Chunk             |       |     2 ||     2
Armor: Scale mail        |    22 |    13 ||    35
Dodge: Dodged            |    18 |     9 ||    27
Block: Shield            |    34 |    24 ||    58

Table legend:
 A = Non-vault XP
 B = Vault XP
 C = Vault XP percentage of total XP
 D = Non-vault monster count
 E = Vault monster count
 F = Vault count percentage of total count
                 A         B        C        D         E       F
            +---------+---------+-------+---------+---------+-------
      Total |     438 |       3 |   0.7 |      58 |       2 |   3.3
            +---------+---------+-------+---------+---------+-------
        D:1 |      50 |       0 |   0.0 |      19 |       0 |   0.0
        D:2 |      86 |       3 |   3.4 |      27 |       2 |   6.9
        D:3 |      13 |       0 |   0.0 |       8 |       0 |   0.0
        D:4 |     289 |       0 |   0.0 |       4 |       0 |   0.0
            +---------+---------+-------+---------+---------+-------
